 Dungeon Crawl Stone Soup version 0.16-a0-3228-ge148b08 (console) character file.

84 Fusha the Charlatan (level 4, -11/32 HPs)
             Began as a Mummy Artificer on Dec 22, 2014.
             Killed by divine providence
             ... invoked by an orc priest
              (13 damage)
             ... on level 3 of the Dungeon.
             The game lasted 00:09:24 (2325 turns).

Fusha the Charlatan (Mummy Artificer)               Turns: 2325, Time: 00:09:24

Health: -11/32     AC:  3    Str: 15    XL:     4   Next: 23%
Magic:  6/6        EV: 12    Int: 11    God:
Gold:   129        SH:  0    Dex: 12    Spells: 0 memorised, 3 levels left

rFire  x . .     SeeInvis .     h - +0 dagger (elec)
rCold  + . .     Clarity  .     e - +0 leather armour
rNeg   + + +     SustAb   .     (no shield)
rPois  ∞         Gourm    .     (no helmet)
rElec  .         Spirit   .     (no cloak)
rCorr  .         Warding  .     (no gloves)
rMut   .         Stasis   .     (no boots)
MR     .....                    (no amulet)
Stlth  +.........               (no ring)
                                (no ring)

@: not resistant to hostile enchantments, very unstealthy
A: no food or potions, fire vulnerability, restore body, cold resistance 1,
negative energy resistance 3, poison resistance, torment resistance, unbreathing
a: no special abilities


You were on level 3 of the Dungeon.
You were not hungry.

You visited 1 branch of the dungeon, and saw 3 of its levels.

You collected 129 gold pieces.

Inventory:

Hand weapons
 a - a +0 short sword
 g - a +0 spear
 h - a +0 dagger of electrocution (weapon)
Missiles
 f - 61 stones (quivered)
 j - 11 poisoned needles
Armour
 e - a +0 leather armour (worn)
Magical devices
 b - a wand of flame (15)
 c - a wand of enslavement (15)
 d - a wand of random effects (15)
Scrolls
 i - 3 scrolls of identify {unknown}
 k - 2 scrolls of noise {unknown}
 l - a scroll of magic mapping {unknown}
 m - 5 scrolls of amnesia {unknown}
 n - a scroll of teleportation {unknown}
 o - a scroll of recharging {unknown}
 p - a scroll of enchant armour {unknown}
 q - 2 scrolls of remove curse {unknown}
 r - a scroll of immolation {unknown}
 s - a scroll of random uselessness {unknown}
 t - a scroll of enchant weapon {unknown}


   Skills:
 + Level 1.2 Fighting
 + Level 1.0 Short Blades
 - Level 0.2 Polearms
 + Level 0.8 Armour
 + Level 2.3 Dodging
 + Level 1.0 Stealth
 * Level 3.4 Evocations


You had 3 spell levels left.
You didn't know any spells.

Dungeon Overview and Level Annotations

Branches:
Dungeon (3/15)

Altars:
Gozag
Yredelemnul

Annotations:
D:3 runed door


Innate Abilities, Weirdness & Mutations

You do not eat or drink.
Your flesh is vulnerable to fire.
Your flesh is cold resistant.
You are immune to negative energy.
Your system is resistant to poisons.
You are immune to unholy pain and torment.
You can survive without breathing.


Message History

Found 17 poisoned needles.
You feel less confused.
The orc priest calls down the wrath of Beogh upon you.
Something smites you!
* * * LOW HITPOINT WARNING * * *
The orc wizard gestures wildly while chanting.
The orc wizard flickers and vanishes!
Deactivating autopickup; reactivate with Ctrl-A.
You are confused.
The orc throws a stone.
The stone closely misses you.
An orc comes into view. It is wielding a club.
You can't drink.
You see here a tomahawk.
You bump into the translucent stone wall.
You see here a tomahawk.
You bump into the rock wall.
You feel less confused.
The orc priest invokes the aid of Beogh against you.
Something smites you!
You die...

#######.............##..(...
###........(.....$..##
#.#.###.#...(..(...#
#.......(...#####..#
#....###.(..# ..#
#....#p#....# .o#
#....#+#oo..# ..#
#...(o......#


oo# ##)8@#####.8....o ... #####..###...###.o... ... #....÷..##._.# ...### .
#.###<..##...# >..# ##.####### .(# #.# #.# #.# #.# You could see an orc priest,
2 orcs and a neutral human.

Vanquished Creatures
  Jessica (D:2)
  3 worms
  2 giant geckos
  An orc (D:3)
  A ball python (D:1)
  9 bats
  8 goblins
  4 hobgoblins
  6 kobolds
  2 quokkas (D:2)
  A giant cockroach (D:3)
  5 giant newts
  A goblin skeleton (D:3)
  3 rats
47 creatures vanquished.

Notes
Turn   | Place    | Note
--------------------------------------------------------------
     0 | D:1      | Fusha, the Mummy Artificer, began the quest for the Orb.
     0 | D:1      | Reached XP level 1. HP: 15/15 MP: 1/1
   223 | D:1      | Reached XP level 2. HP: 21/21 MP: 2/2
   516 | D:1      | Reached skill level 3 in Evocations
   964 | D:2      | Noticed Jessica
   985 | D:2      | Killed Jessica
   985 | D:2      | Reached XP level 3. HP: 26/26 MP: 4/4
  1385 | D:2      | Found an opulent altar of Gozag.
  1777 | D:3      | Found a runed door.
  1777 | D:3      | Noticed a human
  1788 | D:3      | Found a basalt altar of Yredelemnul.
  1956 | D:3      | Reached skill level 1 in Short Blades
  1956 | D:3      | Reached XP level 4. HP: 17/32 MP: 6/6
  2050 | D:2      | Reached skill level 1 in Stealth
  2318 | D:3      | HP: 1/32 [orc priest/divine providence (15)]
  2325 | D:3      | Killed from afar by an orc priest

Action                   |  1- 3 |  4- 6 || total
-------------------------+-------+-------++-------
Melee: Dagger            |   140 |    15 ||   155
       Short sword       |     1 |       ||     1
       Spear             |    16 |       ||    16
 Stab: Distracted        |       |     1 ||     1
